[ AOE2 MATCH · #507128344 ]
UnrankedMaya vs Huns
Player's team · WIN
Rival team · LOSS
[ REPLAY ANALYSIS · EXTRACTED FROM THE RECORDED GAME ]
Feudal
9:17
Castle
20:52
Imperial
—
| APM avg | 83.5 |
| APM peak | 177 |
| eAPM avg | 46.7 |
| Villagers / military | 93 / 132 |
Focus
⚔️ 73.7% · 🌾 26.3%
Archer ×93 · Skirmisher ×26 · Eagle Scout ×6 · Spearman ×5 · Militia ×2
Feudal
10:21
Castle
22:49
Imperial
—
| APM avg | 56.0 |
| APM peak | 108 |
| eAPM avg | 21.8 |
| Villagers / military | 65 / 123 |
Focus
⚔️ 46.1% · 🌾 53.9%
Cavalry Archer ×89 · Archer ×14 · Skirmisher ×12 · Scout Cavalry ×6 · Mangonel ×2
Match map
Initial resources + every placement click. Lines = walls · curves = elevation contours. ◆ gold · ⬟ stone · ● berries · ✦ relic · ◌ wall gap
Your base· ✓ Closed at 20:52 · 47t walls · 1 gate(s)
DarK | Spring's base· Open — 1t gap
Smoothed initial terrain · ◌ = detected wall gap · hover for details
Inputs per minute
— stockfish - - DarK | Spring
Build order — stockfish
First 150 of 340 actions detected
| 0:00 | Research | Loom |
| 0:00 | Research | Loom |
| 0:01 | Build | House |
| 0:02 | Build | House |
| 0:06 | Create | Villager (Male) |
| 0:06 | Create | Villager (Male) |
| 0:08 | Create | Villager (Male) |
| 1:24 | Create | Villager (Male) |
| 1:57 | Create | Villager (Male) |
| 2:19 | Create | Villager (Male) |
| 2:37 | Create | Villager (Male) |
| 2:41 | Build | Barracks |
| 2:54 | Create | Villager (Male) |
| 3:11 | Build | House |
| 3:14 | Create | Villager (Male) |
| 3:18 | Build | House |
| 3:43 | Create | Militia |
| 4:00 | Build | House |
| 4:03 | Create | Villager (Male) |
| 4:08 | Create | Militia |
| 4:27 | Create | Villager (Male) |
| 4:40 | Create | Villager (Male) |
| 5:12 | Create | Villager (Male) |
| 5:43 | Create | Villager (Male) |
| 5:54 | Build | Lumber Camp |
| 6:09 | Create | Villager (Male) |
| 6:32 | Create | Villager (Male) |
| 7:01 | Build | House |
| 7:02 | Create | Villager (Male) |
| 7:07 | Research | Feudal Age |
| 7:34 | Build | Mining Camp |
| 8:58 | Build | Palisade Wall |
| 9:02 | Build | Palisade Wall |
| 9:05 | Build | Palisade Wall |
| 9:13 | Create | Villager (Male) |
| 9:17 | Age | Feudal Age |
| 9:19 | Build | Archery Range |
| 9:20 | Research | Double-Bit Axe |
| 9:38 | Create | Villager (Male) |
| 9:42 | Build | Mill |
| 9:57 | Create | Villager (Male) |
| 10:00 | Build | House |
| 10:01 | Create | Archer |
| 10:04 | Create | Archer |
| 10:11 | Create | Spearman |
| 10:15 | Create | Villager (Male) |
| 10:29 | Build | Farm |
| 10:41 | Create | Villager (Male) |
| 10:46 | Build | Farm |
| 10:49 | Create | Archer |
| 11:00 | Build | Farm |
| 11:01 | Create | Villager (Male) |
| 11:15 | Build | Farm |
| 11:29 | Build | Farm |
| 11:29 | Create | Villager (Male) |
| 11:40 | Create | Archer |
| 11:59 | Create | Spearman |
| 12:01 | Build | House |
| 12:07 | Build | House |
| 12:08 | Create | Archer |
| 12:11 | Create | Villager (Male) |
| 12:29 | Build | Blacksmith |
| 12:34 | Build | Palisade Wall |
| 12:39 | Create | Spearman |
| 12:42 | Build | Palisade Wall |
| 12:46 | Build | Palisade Wall |
| 12:54 | Build | Palisade Wall |
| 12:55 | Build | Palisade Wall |
| 12:55 | Create | Spearman |
| 12:57 | Build | Palisade Gate |
| 12:58 | Build | Palisade Wall |
| 13:02 | Create | Villager (Male) |
| 13:10 | Create | Archer |
| 13:12 | Create | Villager (Male) |
| 13:21 | Create | Villager (Male) |
| 13:26 | Build | House |
| 13:33 | Build | Farm |
| 13:39 | Create | Archer |
| 13:45 | Create | Villager (Male) |
| 13:48 | Build | Palisade Wall |
| 13:50 | Create | Spearman |
| 13:52 | Create | Villager (Male) |
| 14:00 | Build | Palisade Gate |
| 14:05 | Build | House |
| 14:20 | Create | Archer |
| 14:46 | Create | Villager (Male) |
| 14:46 | Create | Archer |
| 15:02 | Build | Farm |
| 15:12 | Build | Farm |
| 15:21 | Build | Market |
| 15:22 | Create | Villager (Male) |
| 15:29 | Create | Archer |
| 15:31 | Build | House |
| 15:34 | Create | Archer |
| 15:46 | Create | Villager (Male) |
| 15:53 | Build | Farm |
| 15:58 | Build | Farm |
| 16:02 | Build | Farm |
| 16:16 | Create | Archer |
| 16:16 | Create | Villager (Male) |
| 16:21 | Build | House |
| 16:33 | Create | Villager (Male) |
| 16:49 | Create | Archer |
| 16:52 | Build | Archery Range |
| 16:58 | Create | Eagle Scout |
| 17:05 | Build | House |
| 17:05 | Build | House |
| 17:07 | Create | Villager (Male) |
| 17:26 | Build | House |
| 17:27 | Build | House |
| 17:35 | Create | Villager (Male) |
| 17:36 | Create | Archer |
| 17:44 | Build | House |
| 17:49 | Build | Farm |
| 18:10 | Create | Archer |
| 18:12 | Research | Castle Age |
| 18:15 | Build | House |
| 18:31 | Build | House |
| 18:32 | Create | Archer |
| 18:37 | Build | House |
| 18:39 | Create | Eagle Scout |
| 18:52 | Build | House |
| 18:56 | Build | House |
| 19:04 | Build | Palisade Wall |
| 19:06 | Create | Archer |
| 19:09 | Build | Lumber Camp |
| 19:28 | Build | Palisade Wall |
| 19:30 | Build | Palisade Wall |
| 19:35 | Create | Archer |
| 19:46 | Research | Fletching |
| 20:11 | Create | Eagle Scout |
| 20:18 | Build | House |
| 20:27 | Research | Scale Mail Armor |
| 20:29 | Research | Forging |
| 20:46 | Create | Villager (Male) |
| 20:52 | Age | Castle Age |
| 20:56 | Research | Crossbowman (upgrade) |
| 21:03 | Research | Bodkin Arrow |
| 21:18 | Create | Villager (Male) |
| 21:20 | Create | Villager (Male) |
| 21:25 | Create | Archer |
| 21:26 | Create | Archer |
| 21:44 | Create | Villager (Male) |
| 21:49 | Create | Archer |
| 21:52 | Create | Eagle Scout |
| 22:02 | Create | Eagle Scout |
| 22:15 | Create | Villager (Male) |
| 22:53 | Create | Villager (Male) |
| 22:58 | Create | Archer |
| 22:59 | Create | Archer |
Build order — DarK | Spring
First 150 of 255 actions detected
| 0:00 | Create | Villager (Male) |
| 0:05 | Create | Villager (Male) |
| 0:07 | Create | Villager (Male) |
| 0:09 | Create | Villager (Male) |
| 1:19 | Create | Villager (Male) |
| 2:05 | Create | Villager (Male) |
| 2:10 | Create | Villager (Male) |
| 2:36 | Build | Lumber Camp |
| 2:38 | Create | Villager (Male) |
| 2:45 | Create | Villager (Male) |
| 3:11 | Create | Villager (Male) |
| 3:30 | Create | Villager (Male) |
| 3:30 | Create | Villager (Male) |
| 4:10 | Create | Villager (Male) |
| 4:18 | Create | Villager (Male) |
| 4:42 | Create | Villager (Male) |
| 5:12 | Create | Villager (Male) |
| 5:19 | Create | Villager (Male) |
| 5:44 | Create | Villager (Male) |
| 5:58 | Research | Loom |
| 7:20 | Create | Villager (Male) |
| 7:30 | Build | Mill |
| 7:34 | Create | Villager (Male) |
| 8:11 | Research | Feudal Age |
| 9:13 | Build | Barracks |
| 9:23 | Build | Palisade Wall |
| 9:24 | Build | Palisade Wall |
| 9:24 | Build | Palisade Wall |
| 9:34 | Build | Palisade Wall |
| 9:48 | Create | Villager (Male) |
| 10:02 | Build | Palisade Gate |
| 10:08 | Create | Villager (Male) |
| 10:11 | Build | Palisade Wall |
| 10:21 | Age | Feudal Age |
| 10:22 | Build | Stable |
| 10:25 | Build | Palisade Wall |
| 10:31 | Create | Villager (Male) |
| 10:34 | Build | Farm |
| 10:36 | Build | Farm |
| 10:44 | Build | Palisade Wall |
| 10:47 | Build | Palisade Wall |
| 10:50 | Build | Palisade Wall |
| 10:51 | Build | Palisade Wall |
| 10:53 | Build | Palisade Wall |
| 11:03 | Create | Villager (Male) |
| 11:05 | Build | Farm |
| 11:07 | Create | Scout Cavalry |
| 11:12 | Create | Scout Cavalry |
| 11:15 | Create | Villager (Male) |
| 11:17 | Build | Palisade Wall |
| 11:20 | Build | Palisade Wall |
| 11:29 | Build | Farm |
| 11:32 | Create | Villager (Male) |
| 11:34 | Create | Scout Cavalry |
| 11:41 | Build | Archery Range |
| 11:47 | Build | Palisade Wall |
| 11:49 | Build | Palisade Wall |
| 11:53 | Create | Villager (Male) |
| 12:03 | Create | Villager (Male) |
| 12:05 | Build | Farm |
| 12:16 | Build | Palisade Wall |
| 12:17 | Create | Villager (Male) |
| 12:24 | Create | Skirmisher |
| 12:29 | Create | Skirmisher |
| 12:42 | Create | Skirmisher |
| 12:59 | Create | Villager (Male) |
| 13:04 | Build | Farm |
| 13:12 | Create | Skirmisher |
| 13:14 | Create | Villager (Male) |
| 13:33 | Create | Villager (Male) |
| 13:40 | Create | Skirmisher |
| 13:49 | Build | Farm |
| 13:57 | Build | Farm |
| 13:59 | Create | Scout Cavalry |
| 14:00 | Create | Skirmisher |
| 14:00 | Create | Skirmisher |
| 14:24 | Create | Villager (Male) |
| 14:25 | Create | Skirmisher |
| 14:25 | Create | Skirmisher |
| 14:57 | Create | Scout Cavalry |
| 14:58 | Create | Skirmisher |
| 15:02 | Build | Lumber Camp |
| 15:02 | Create | Villager (Male) |
| 15:10 | Build | Farm |
| 15:20 | Create | Scout Cavalry |
| 15:26 | Build | Farm |
| 15:30 | Build | Farm |
| 15:46 | Create | Villager (Male) |
| 15:49 | Build | Farm |
| 15:50 | Build | Farm |
| 16:01 | Create | Villager (Male) |
| 16:08 | Build | Palisade Wall |
| 16:09 | Build | Palisade Wall |
| 16:10 | Build | Palisade Wall |
| 16:17 | Create | Skirmisher |
| 16:17 | Create | Skirmisher |
| 16:21 | Create | Villager (Male) |
| 16:40 | Create | Villager (Male) |
| 16:45 | Build | Mining Camp |
| 16:48 | Create | Villager (Male) |
| 16:50 | Build | Farm |
| 16:51 | Build | Farm |
| 16:54 | Build | Farm |
| 17:18 | Create | Villager (Male) |
| 17:31 | Create | Villager (Male) |
| 17:33 | Build | Lumber Camp |
| 17:57 | Build | Farm |
| 18:00 | Build | Farm |
| 18:11 | Build | Archery Range |
| 18:18 | Create | Archer |
| 18:18 | Create | Archer |
| 18:19 | Create | Villager (Male) |
| 18:41 | Create | Villager (Male) |
| 18:44 | Build | Farm |
| 19:11 | Build | Archery Range |
| 19:13 | Create | Archer |
| 19:14 | Create | Archer |
| 19:18 | Build | Mining Camp |
| 19:19 | Create | Villager (Male) |
| 20:05 | Build | Archery Range |
| 20:07 | Build | Farm |
| 20:09 | Research | Castle Age |
| 20:10 | Research | Castle Age |
| 20:16 | Create | Archer |
| 20:17 | Create | Archer |
| 20:26 | Research | Double-Bit Axe |
| 20:45 | Build | Blacksmith |
| 21:21 | Create | Archer |
| 21:21 | Create | Archer |
| 21:22 | Create | Archer |
| 21:24 | Research | Gold Mining |
| 21:27 | Research | Fletching |
| 21:28 | Create | Archer |
| 21:28 | Create | Archer |
| 21:41 | Build | Watch Tower |
| 21:50 | Create | Archer |
| 21:50 | Create | Archer |
| 21:50 | Create | Archer |
| 22:15 | Build | Palisade Wall |
| 22:17 | Build | Palisade Wall |
| 22:18 | Build | Palisade Wall |
| 22:23 | Build | Palisade Gate |
| 22:49 | Age | Castle Age |
| 23:05 | Create | Villager (Male) |
| 23:11 | Research | Bodkin Arrow |
| 23:18 | Build | Palisade Wall |
| 23:19 | Build | Palisade Wall |
| 23:22 | Create | Villager (Male) |
| 23:31 | Create | Cavalry Archer |
| 23:31 | Create | Cavalry Archer |
Match timeline
| 2:41 | stockfish · first_building Barracks |
| 8:58 | stockfish · wall_segment Palisade Wall x6 |
| 9:02 | stockfish · wall_segment Palisade Wall x3 |
| 9:05 | stockfish · wall_segment Palisade Wall x1 |
| 9:13 | DarK | Spring · first_building Barracks |
| 9:17 | stockfish · age_up feudal |
| 9:19 | stockfish · first_building Archery Range |
| 9:23 | DarK | Spring · wall_segment Palisade Wall x9 |
| 9:24 | DarK | Spring · wall_segment Palisade Wall x1 |
| 9:24 | DarK | Spring · wall_segment Palisade Wall x1 |
| 9:34 | DarK | Spring · wall_segment Palisade Wall x1 |
| 10:11 | DarK | Spring · wall_segment Palisade Wall x1 |
| 10:21 | DarK | Spring · age_up feudal |
| 10:22 | DarK | Spring · first_building Stable |
| 10:25 | DarK | Spring · wall_segment Palisade Wall x2 |
| 10:44 | DarK | Spring · wall_segment Palisade Wall x5 |
| 10:47 | DarK | Spring · wall_segment Palisade Wall x5 |
| 10:50 | DarK | Spring · wall_segment Palisade Wall x4 |
| 10:51 | DarK | Spring · wall_segment Palisade Wall x8 |
| 10:53 | DarK | Spring · wall_segment Palisade Wall x1 |
| 11:17 | DarK | Spring · wall_segment Palisade Wall x1 |
| 11:20 | DarK | Spring · wall_segment Palisade Wall x1 |
| 11:41 | DarK | Spring · first_building Archery Range |
| 11:47 | DarK | Spring · wall_segment Palisade Wall x3 |
| 11:49 | DarK | Spring · wall_segment Palisade Wall x6 |
| 12:16 | DarK | Spring · wall_segment Palisade Wall x3 |
| 12:34 | stockfish · wall_segment Palisade Wall x18 |
| 12:42 | stockfish · wall_segment Palisade Wall x1 |
| 12:46 | stockfish · wall_segment Palisade Wall x4 |
| 12:54 | stockfish · wall_segment Palisade Wall x1 |
| 12:55 | stockfish · wall_segment Palisade Wall x1 |
| 12:58 | stockfish · wall_segment Palisade Wall x1 |
| 13:48 | stockfish · wall_segment Palisade Wall x8 |
| 16:08 | DarK | Spring · wall_segment Palisade Wall x1 |
| 16:09 | DarK | Spring · wall_segment Palisade Wall x1 |
| 16:10 | DarK | Spring · wall_segment Palisade Wall x1 |
| 16:34 | stockfish · first_market_buy 100 food |
| 16:38 | stockfish · first_market_sell 100 stone |
| 19:04 | stockfish · wall_segment Palisade Wall x1 |
| 19:28 | stockfish · wall_segment Palisade Wall x1 |
| 19:30 | stockfish · wall_segment Palisade Wall x1 |
| 20:52 | stockfish · age_up castle |
| 22:15 | DarK | Spring · wall_segment Palisade Wall x1 |
| 22:17 | DarK | Spring · wall_segment Palisade Wall x1 |
| 22:18 | DarK | Spring · wall_segment Palisade Wall x1 |
| 22:49 | DarK | Spring · age_up castle |
| 23:18 | DarK | Spring · wall_segment Palisade Wall x1 |
| 23:19 | DarK | Spring · wall_segment Palisade Wall x1 |
| 23:55 | DarK | Spring · wall_segment Palisade Wall x1 |
| 23:55 | DarK | Spring · wall_segment Palisade Wall x1 |
| 23:57 | DarK | Spring · wall_segment Palisade Wall x1 |
| 26:03 | stockfish · wall_segment Stone Wall x1 |
| 31:48 | DarK | Spring · first_building Siege Workshop |
| 34:54 | stockfish · first_building Castle |
| 35:56 | DarK | Spring · resign |
[ AI ANALYSIS · 1 CREDIT ]
What really happened in this match?
Wolo.gg analyzes every decision: build order, eco, micro, common mistakes by bracket. Personalized analysis on WhatsApp or Discord in 30 seconds.
Civ guide
Maya
Perfil
stockfish